 Dungeon Crawl Stone Soup version 0.31.0-32-g396128a36d (webtiles) character file.

Game seed: 4154957885292967367

343 Silvore the Cudgeller (level 6, -3/53 HPs)
             Began as a Minotaur Fighter on Apr 17, 2024.
             Slain by an ice beast (8 damage)
             ... on level 5 of the Dungeon on Apr 18, 2024.
             The game lasted 00:03:00 (2657 turns).

Silvore the Cudgeller (Minotaur Fighter)            Turns: 2657, Time: 00:03:01

Health: -3/53      AC:  7    Str: 23    XL:     6   Next: 31%
Magic:  0/5        EV:  9    Int:  5    God:
Gold:   1198       SH:  5    Dex:  9    Spells: 5/5 levels left

rFire   . . .        a - +1 flail
rCold   . . .        c - +1 buckler
rNeg    . . .        b - +0 scale mail
rPois   .            (helmet restricted)
rElec   .            (no cloak)
rCorr   .            (no gloves)
SInv    .            (no boots)
Will    .....        j - amulet of guardian spirit Stlth
                     (no ring)
HPRegen 0.28/turn    (no ring)
MPRegen 0.09/turn

%: guardian spirit
@: no status effects
A: horns 2, retaliatory headbutt
a: no special abilities


You were on level 5 of the Dungeon.
You visited 1 branch of the dungeon, and saw 5 of its levels.

You collected 1198 gold pieces.

Inventory:

Hand Weapons
 a - a +1 flail (weapon)
Armour
 b - a +0 scale mail (worn)
 c - a +1 buckler (worn)
Jewellery
 j - an amulet of guardian spirit (around neck)
 l - an amulet of the acrobat
 u - a ring of protection from cold
Wands
 m - a wand of flame (10)
Scrolls
 o - a scroll of enchant weapon
 s - a scroll of enchant armour
Potions
 d - a potion of might
 e - a potion of haste {unknown}
 f - 2 potions of brilliance
 g - 2 potions of heal wounds
 i - a potion of cancellation
 k - a potion of curing {unknown}
 q - 2 potions of lignification
 t - a potion of resistance {unknown}
 v - a potion of mutation {unknown}


   Skills:
 + Level 4.7 Fighting
 + Level 5.6 Maces & Flails
 + Level 5.2 Armour
 + Level 0.6 Dodging
 + Level 0.5 Stealth
 + Level 4.5 Shields


You had 5 spell levels left.
You didn't know any spells.
Your spell library contained the following spells:

 Spells                   Type           Power      Damage    Failure   Level
 Foxfire                  Conj/Fire      0%         2x1d4     83%         1
 Plasma Beam              Fire/Air       0%         2x1d10    100%        6
 Starburst                Conj/Fire      0%         6d3       100%        6


Dungeon Overview and Level Annotations

Branches:
Dungeon (5/15)
 Temple: D:4-7

Altars:
Nemelex Xobeh

Shops:
D:4 !


Innate Abilities, Weirdness & Mutations

You have a pair of horns on your head.
You reflexively headbutt those who attack you in melee.


Message History

The orc wizard hits you with a +0 dagger.
Unknown command.
The orc hits you with a +0 club. Something hits you but does no damage.
The ice beast completely misses you.
The ice beast hits you but does no damage.
You bump into the rock wall.
The orc closely misses you.
The ice beast hits you but does no damage.
The orc attacks as it pursues you! The orc hits you with a +0 club.
The ice beast hits you but does no damage.
You closely miss the ice beast.
The ice beast is severely wounded.
The ice beast completely misses you. The orc wizard casts a spell at you.
You closely miss the ice beast.
The ice beast is severely wounded.
You feel less confused. You block the ice beast's attack.
You sock the ice beast!
The ice beast is almost dead.
The ice beast hits you. The ice beast freezes you!
You hit the ice beast but do no damage.
The ice beast is almost dead.
You hear some strange, mumbled words.
A puff of flame appears from out of thin air!
The puff of flame hits you.
* * * LOW HITPOINT WARNING * * *
You block the orc's attack.
The ice beast hits you but does no damage.
You closely miss the orc. You block the orc's attack.
The ice beast barely misses you. Something hits you but does no damage.
You closely miss the orc. The orc hits you but does no damage.
The ice beast hits you.
* * * LOW HITPOINT WARNING * * *
The ice beast freezes you!
* * * LOW HITPOINT WARNING * * *
The orc wizard closely misses you. Something hits you but does no damage.
The orc hits you but does no damage. The ice beast hits you.
* * * LOW HITPOINT WARNING * * *
The ice beast freezes you!
You die...

##..#(.# #.#
##...#..## #####
#........## .##
..##..>...####...
.
###.......#.###.#
#.####.........
###.# ##.#####.#
#....##{.#
......o@##
##..#.Yo# #.
#...#####
##......#
#....### .....#
...#..# .#.....#
...#.....


You could see an ice beast, an orc wizard and an orc.

Vanquished Creatures
  An ogre (D:4)
  2 bombardier beetles
  2 hounds (D:4)
  Natasha (D:4)
  5 adders
  3 ribbon worms
  7 ball pythons
  5 endoplasms
  2 giant cockroaches
  7 goblins
  3 hobgoblins
  4 jackals (D:1)
  4 quokkas
  3 bats
  A frilled lizard (D:1)
  3 kobolds
  3 rats
56 creatures vanquished.

Notes
Turn   | Place    | Note
-------+----------+-------------------------------------------
     0 | D:1      | Silvore the Minotaur Fighter began the quest for the Orb.
     0 | D:1      | Reached XP level 1. HP: 19/19 MP: 0/0
   199 | D:1      | Reached XP level 2. HP: 23/27 MP: 1/1
   600 | D:1      | Identified a scroll of acquirement
   600 | D:1      | Acquired 936 gold pieces
   683 | D:2      | Found a faded altar of an unknown god.
   780 | D:2      | Reached XP level 3. HP: 33/33 MP: 2/2
  1332 | D:2      | Reached XP level 4. HP: 40/40 MP: 3/3
  1649 | D:3      | Found a sparkling altar of Nemelex Xobeh.
  1797 | D:4      | Noticed an ogre
  1802 | D:4      | Killed an ogre
  1803 | D:4      | Reached XP level 5. HP: 44/47 MP: 4/4
  2109 | D:4      | Noticed Natasha
  2112 | D:4      | Killed Natasha
  2276 | D:4      | Reached skill level 5 in Maces & Flails
  2279 | D:4      | Reached skill level 5 in Armour
  2280 | D:4      | Reached XP level 6. HP: 48/53 MP: 5/5
  2325 | D:4      | Found Nuatu's Distillery.
  2547 | D:5      | Entered Level 5 of the Dungeon
  2638 | D:5      | Noticed an ice beast
  2657 | D:5      | Slain by an ice beast

Illustrated notes

Levels and vault maps discovered:
D:1:      matt_arrival_los_fun, layout_basic, minmay_misc_feat_hallway,
          st_stairs_7
D:2:      layout_loops_ring, basic_ecumenical_altar,
          minmay_misc_feat_more_columns
D:3:      layout_rooms, mainiacjoe_overflow_surrounded_room,
          kennysheep_generic_room_9
D:4:      layout_cave_pods, serial_shops, nicolae_shop_tiny_statue_garden,
          hangedman_feature_mirror, uniq_natasha
D:5:      layout_layer_cave, mainiacjoe_overflow_chevrons

Skill      XL: |  1  2  3  4  5 |
---------------+----------------+-----
Shields        | 4 |  4.5
Armour         | 4 5 |  5.2
Fighting       | 4 |  4.7
Maces & Flails | 3 4 5 |  5.6
Dodging        | |  0.6
Stealth        | |  0.5

Action                     |  1- 3 |  4- 6 || total
---------------------------+-------+-------++-------
  Melee: Flail             |    89 |    69 ||   158
         Headbutt          |     9 |     8 ||    17
    Use: Scroll            |     6 |     6 ||    12
 Armour: Scale mail        |    63 |    55 ||   118
  Dodge: Dodged            |    48 |    39 ||    87
  Block: Buckler           |    24 |    16 ||    40
